 Dungeon Crawl Stone Soup version 0.23.1 (webtiles) character file.

Game seed: 2049626213743424618

156 Monsterracer the Insei (level 5, -2/41 HPs)
             Began as a Merfolk Transmuter on Mar 3, 2019.
             Slain by a gnoll
             ... wielding a +0 spear
              (3 damage)
             ... while paralysed by a gnoll
             ... on level 3 of the Dungeon.
             The game lasted 00:07:32 (3782 turns).

Monsterracer the Insei (Merfolk Transmuter)         Turns: 3782, Time: 00:07:33

Health: -2/41      AC:  6    Str: 12    XL:     5   Next: 38%
Magic:  8/8        EV:  2    Int: 12    God:
Gold:   216        SH:  0    Dex: 14    Spells: 7/8 levels left

rFire    . . .     SeeInvis .     - Unarmed
rCold    . . .     Gourm    .   (no shield)
rNeg     . . .     Faith    .   j - +0 ring mail
rPois    .         Spirit   .   (no helmet)
rElec    .         Reflect  .   d - +0 cloak
rCorr    .         Harm     .   (no gloves)
MR       .....                  (no boots)
Stlth    +.........             (no amulet)
HPRegen  0.13/turn              (no ring)
MPRegen  0.11/turn              (no ring)

@: paralysed, studying Translocations
A: change form in water, swift swim, stealthy swim
a: no special abilities


You were on level 3 of the Dungeon.
You were very hungry.

You visited 1 branch of the dungeon, and saw 3 of its levels.

You collected 216 gold pieces.


   Skills:
 + Level 3.1 Fighting
 + Level 3.2 Dodging
 * Level 5.5 Unarmed Combat
 - Level 2.0 Spellcasting
 - Level 2.6 Transmutations


You had 7 spell levels left.
You knew the following spells:

 Your Spells              Type           Power        Failure   Level  Hunger
j - Beastly Appendage     Tmut           #.....       21%         1    ##.....

Your spell library contained the following spells:

 Spells                   Type           Power        Failure   Level  Hunger
 Sticks to Snakes         Tmut           #.......     30%         2    ###....
 Spider Form              Tmut/Pois      #.........   71%         3    ####...
 Ice Form                 Ice/Tmut       #.......     98%         4    #####..
 Blade Hands              Tmut           #.........   99%         5    ######.

Inventory:

Missiles
 l - 2 throwing nets (quivered) {!f}
Armour
 d - a +0 cloak (worn)
   (You found it on level 2 of the Dungeon)
 j - a +0 ring mail (worn)
   (You took it off an orc on level 3 of the Dungeon)
Scrolls
 f - 3 scrolls of identify
Potions
 b - a potion of berserk rage {!q}
 e - 2 potions of curing
 g - a potion of flight
Books
 m - a manual of Translocations
   (You found it on level 3 of the Dungeon)
Comestibles
 c - 5 rations

Dungeon Overview and Level Annotations

Branches:
Dungeon (3/15)

Altars:
Ashenzari

Annotations:
D:3 inmateoo's ghost, amateur VSFi

#..≈≈###.##'##.###≈≈.##..
#..≈≈..#.#$$$#g#.=≈≈.###.
#..≈≈.##.#...#.##.≈≈.# #.
#..≈≈.#©.#=.$#W.#.≈≈.###.
#..≈≈.##.#####.##.≈≈.....
#..≈≈..#.#8⌠8#.#......###
#..≈≈.©#ggg©.'.#©.....# #
##.≈≈..#W#.W.#.#.....## #
#.≈≈.##@##.##.##.≈≈.####
#.≈≈.#..#...#..#.≈≈.....
#.≈≈.##.#⌠.⌠#.##.≈≈..###
#.≈≈..#.#...#.#..≈≈..#
#.≈≈###.##'##.###≈≈..#
#.≈≈#...........#≈≈..#
#.≈≈##.###.###.##≈≈..#
#.≈≈#..#8###8#..#≈≈..#
#.≈≈####.....####≈†..#


You could see inmateoo's ghost and 2 gnolls.


Message History

The gnoll hits you but does no damage.
You cannot move.
You cannot move.
You swing at nothing.
Inmateoo's ghost says, "Live by the sword, die by the sword."
You swing at nothing.
The gnoll hits you but does no damage.
You swing at nothing.
The gnoll hits you but does no damage.
You swing at nothing.
The gnoll hits you but does no damage.
You swing at nothing.
Inmateoo's ghost screams, "You must not succeed where I failed!"
The gnoll hits you but does no damage.
You swing at nothing.
The gnoll hits you but does no damage.
You swing at nothing.
The gnoll hits you but does no damage.
You swing at nothing.
The gnoll hits you but does no damage.
You swing at nothing.
The gnoll hits you but does no damage.
You swing at nothing.
The gnoll hits you but does no damage.
You swing at nothing.
You are feeling hungry.
You swing at nothing.
The gnoll barely misses you.
You swing at nothing.
The gnoll barely misses you.
You swing at nothing.
The gnoll hits you but does no damage.
You swing at nothing.
The gnoll hits you but does no damage.
You swing at nothing.
The gnoll hits you from afar with a +0 spear.
You take 5 damage, and have 54/61 hp.
You swing at nothing.
The gnoll completely misses you.
You swing at nothing.
The gnoll hits you but does no damage.
You cannot move.
You cannot move.
You cannot move.
You swing at nothing.
The gnoll hits you but does no damage.
You swing at nothing.
The gnoll hits you but does no damage.
You swing at nothing.
You swing at nothing.
Your transformation is almost over.
The gnoll barely misses you.
You swing at nothing.
The gnoll barely misses you.
You swing at nothing.
The gnoll hits you but does no damage.
You swing at nothing.
The gnoll hits you but does no damage.
You swing at nothing.
The gnoll hits you but does no damage.
You swing at nothing.
The gnoll hits you but does no damage.
You swing at nothing.
The gnoll hits you but does no damage.
You swing at nothing.
The gnoll barely misses you.
You swing at nothing.
The gnoll completely misses you.
You swing at nothing.
You swing at nothing.
You feel less wooden.
Your +0 cloak unmelds from your body.
Your +0 ring mail unmelds from your body.
The gnoll hits you but does no damage.
You swing at nothing.
The gnoll hits you from afar with a +0 spear.
You swing at nothing.
The gnoll hits you from afar with a +0 spear!
You now have 29/41 hp.
You swing at nothing.
The gnoll hits you from afar with a +0 spear.
You take 4 damage, and have 25/41 hp.
Things that are here:
a +2 spear of pain; a throwing net {!f}
l - 2 throwing nets {!f} (gained 1)
The gnoll completely misses you.
There is a transporter here.
You enter the transporter and appear at another place.
You start resting.
HP restored.
Health restored: 41 Your legs become a tail as you enter the water.
The gnoll shouts!
You hear a shout!
Inmateoo's ghost turns its malevolent gaze towards you.
There is an escape hatch in the floor here.
You are feeling very hungry.
Your legs become a tail as you enter the water.
Things that are here:
an uncursed ring of flight; a +0 robe; a +0 hand axe
There is a transporter here.
You enter the transporter and appear at another place.
There is an open translucent door here.
There is a transporter landing site here.
The gnoll barely misses you.
There is an open translucent door here.
The gnoll hits you from afar with a +0 spear.
You take 4 damage, and have 37/41 hp.
The gnoll hits you but does no damage.
The gnoll zaps a wand.
You suddenly lose the ability to move!
Inmateoo's ghost hits you!
The gnoll hits you from afar with a +0 spear. x2
* * * LOW HITPOINT WARNING * * *
Inmateoo's ghost hits you.
* * * LOW HITPOINT WARNING * * *
The gnoll hits you but does no damage.
The gnoll hits you from afar with a +0 spear!
* * * LOW HITPOINT WARNING * * *
Inmateoo's ghost hits you but does no damage.
The gnoll hits you but does no damage. x2
Inmateoo's ghost wails, "You must not succeed where I failed!"
Inmateoo's ghost hits you.
* * * LOW HITPOINT WARNING * * *
The gnoll hits you from afar with a +0 spear.
You die...

Skill      XL: |  1  2  3  4  5 |
---------------+----------------+-----
Unarmed Combat | 4 5 |  5.5
Fighting       | 2 3 |  3.1
Dodging        | 3 |  3.2
Spellcasting   | |  2.0
Transmutations | |  2.6

Action                   |  1- 3 |  4- 6 || total
-------------------------+-------+-------++-------
Melee: Unarmed           |   129 |    83 ||   212
       Punch             |     2 |     1 ||     3
       Headbutt          |     1 |       ||     1
       Tailslap          |       |     2 ||     2
 Cast: Beastly Appendage |     3 |       ||     3
  Use: Scroll            |     1 |     5 ||     6
       Potion            |       |     4 ||     4
 Stab: Sleeping          |     4 |       ||     4
  Eat: Chunk             |     3 |     5 ||     8
Armor: Robe              |    27 |     1 ||    28
       Ring mail         |       |    31 ||    31
       Skin              |       |    33 ||    33
Dodge: Dodged            |    87 |    48 ||   135

Levels and vault maps discovered:
D:1:      ldierk_walled_garden_2, layout_rooms
D:2:      kb_forest_paths, layout_loops_corners, nicolae_overflow_hidden_temple,
          chequers_ecumenical_altar_grove
D:3:      layout_basic, gammafunk_ghost_gnarly_gnolls, first_ration

Notes
Turn   | Place    | Note
-------+----------+-------------------------------------------
     0 | D:1      | Monsterracer the Merfolk Transmuter began the quest for the
                  | Orb.
     0 | D:1      | Reached XP level 1. HP: 15/15 MP: 3/3
   286 | D:1      | Reached XP level 2. HP: 19/21 MP: 3/5
   649 | D:2      | Reached skill level 4 in Unarmed Combat
   834 | D:2      | Reached XP level 3. HP: 16/27 MP: 6/6
  1509 | D:3      | HP: 13/27 [orc (2)]
  1783 | D:3      | Found a transporter.
  1842 | D:3      | Found a transporter.
  1843 | D:3      | Noticed inmateoo's ghost (amateur VSFi)
  1934 | D:3      | HP: 11/27 [orc wizard/+0 dagger (5)]
  1938 | D:3      | Reached XP level 4. HP: 11/34 MP: 7/7
  1945 | D:3      | HP: 4/34 [orc/+0 mace (7)]
  2018 | D:3      | Reached skill level 5 in Unarmed Combat
  2052 | D:3      | HP: 11/34 [orc/+0 hand axe (3)]
  2440 | D:2      | Found a shattered altar of Ashenzari.
  3223 | D:2      | Found a faded altar of an unknown god.
  3488 | D:3      | HP: 15/34 [gnoll/+0 spear (7)]
  3504 | D:3      | HP: 5/34 [gnoll/+1 halberd of venom (11)]
  3542 | D:3      | Reached XP level 5. HP: 40/40 MP: 8/8
  3777 | D:3      | Paralysed by a gnoll for 6 turns
  3779 | D:3      | HP: 18/41 [gnoll/+0 spear (5)]
  3780 | D:3      | HP: 5/41 [gnoll/+0 spear (9)]
  3781 | D:3      | HP: 1/41 [inmateoo's ghost (4)]
  3782 | D:3      | Slain by a gnoll

Vanquished Creatures
  An orc wizard (D:3)
  A gnoll shaman (D:3)
  2 gnolls (D:3)
  An ooze (D:2)
  2 worms (D:2)
  A dart slug (D:1)
  8 orcs (D:3)
  2 giant cockroaches (D:2)
  5 goblins (D:1 D:2)
  6 hobgoblins (D:1 D:2 D:3)
  2 jackals (D:2)
  12 bats (D:1 D:2 D:3)
  3 frilled lizards (D:1 D:2)
  6 kobolds (D:1 D:3 D:2)
  5 rats (D:1 D:2 D:3)
57 creatures vanquished.

Vanquished Creatures (others)
  6 plants (D:3)
  4 toadstools (D:1)
10 creatures vanquished.

Grand Total: 67 creatures vanquished

Table legend:
 A = Turns spent in this place as a percentage of turns spent in the entire game.
 B = Non-inter-level travel turns spent in this place as a percentage of non-inter-level travel turns spent in the entire game.
 C = Inter-level travel turns spent in this place as a percentage of turns spent in this place.
 D = Turns resting spent in this place as a percentage of non-inter-level travel turns spent in this place.
 E = Turns spent auto-exploring this place as a percentage of non-inter-level travel turns spent in this place.
 F = Non-inter-level travel turns spent in this place divided by the number of levels of this place that you've seen.
                   A       B       C       D       E      F
               +-------+-------+-------+-------+-------+----------------------
         Total | 100.0 | 100.0 |  11.0 |   5.3 |  73.1 | 1121.7
       Dungeon | 100.0 | 100.0 |  11.0 |   5.3 |  73.1 | 1121.7
               +-------+-------+-------+-------+-------+----------------------

Table legend:
 A = Non-vault XP
 B = Vault XP
 C = Vault XP percentage of total XP
 D = Non-vault monster count
 E = Vault monster count
 F = Vault count percentage of total count
                 A         B        C        D         E       F
            +---------+---------+-------+---------+---------+-------
      Total |     134 |      90 |  40.2 |      48 |       9 |  15.8
            +---------+---------+-------+---------+---------+-------
        D:1 |      22 |       0 |   0.0 |      13 |       0 |   0.0
        D:2 |      31 |      18 |  36.7 |      16 |       6 |  27.3
        D:3 |      81 |      72 |  47.1 |      19 |       3 |  13.6
            +---------+---------+-------+---------+---------+-------
